 Dungeon Crawl Stone Soup version 0.29.1-15-g9cfb28693d (webtiles) character file.

Game seed: 13631231020826416838

14 KamiKatze the Conjurer (level 2, -3/15 HPs)
             Began as a Deep Elf Conjurer on Apr 5, 2023.
             Slain by Sigmund
             ... wielding a +0 scythe
              (9 damage)
             ... on level 2 of the Dungeon.
             The game lasted 00:02:55 (597 turns).

KamiKatze the Conjurer (Deep Elf Conjurer)           Turns: 597, Time: 00:02:56

Health: -3/15      AC:  3    Str:  4    XL:     2   Next: 31%
Magic:  3/8        EV: 12    Int: 22    God:
Gold:   87         SH:  0    Dex: 13    Spells: 4/7 levels left

rFire   . . .      SeeInvis .   a - +1 whip (venom)
rCold   . . .      Faith    .   (no shield)
rNeg    . . .      Spirit   .   f - +0 robe
rPois   .          Reflect  .   e - +0 helmet
rElec   .          Harm     .   (no cloak)
rCorr   .          Rampage  .   (no gloves)
Will    .....                   (no boots)
Stlth   +.........              (no amulet)
HPRegen 0.05/turn               (no ring)
MPRegen 0.11/turn               (no ring)

@: confused
A: no striking features
a: no special abilities


You were on level 2 of the Dungeon.
You visited 1 branch of the dungeon, and saw 2 of its levels.

You collected 87 gold pieces.

Inventory:

Hand Weapons
 a - a +1 whip of venom (weapon)
Missiles
 i - 6 atropa-tipped darts
 j - 4 poisoned darts (quivered)
 k - a throwing net
Armour
 e - a +0 helmet (worn)
 f - a +0 robe (worn)
Scrolls
 c - a scroll of enchant armour {unknown}
 d - a scroll of vulnerability {unknown}
 h - a scroll of amnesia {unknown}
 l - 3 scrolls of identify {unknown}
Potions
 b - a potion of magic
 g - a potion of ambrosia {unknown}
 m - 2 potions of attraction {unknown}


   Skills:
 * Level 2.6 Dodging
 * Level 2.7 Stealth
 * Level 3.2 Spellcasting
 * Level 4.5 Conjurations
 * Level 0.9 Hexes
 * Level 0.5 Translocations


You had 4 spell levels left.
You knew the following spells:

 Your Spells              Type           Power      Damage    Failure   Level
a - Magic Dart            Conj           92%        1d7       1%          1
b - Searing Ray           Conj           46%        2d6       2%          2

Your spell library contained the following spells:

 Spells                   Type           Power      Damage    Failure   Level
 Dazzling Flash           Conj/Hex       30%        N/A       12%         3
 Fulminant Prism          Conj/Hex       7%         3d7       36%         4
 Iskenderun's Mystic Bla  Conj/Tloc      14%        2d5       41%         4


Dungeon Overview and Level Annotations

Branches:
Dungeon (2/15)

Altars:

Annotations:
D:1 fly for 8 gold
D:2 Sigmund


Message History

You climb downwards.
Found a club.
There is a stone staircase leading up here.
You open the door.
Found a scroll labelled SYTYKEY UWILANO.
There is an open door here.
l - 3 scrolls labelled SYTYKEY UWILANO (gained 1)
j - 4 poisoned darts (gained 2) Could not explore, unopened door.
You open the door.
There is an open door here.
You open the door.
There is an open door here.
Sigmund the Dreaded comes into view.
He is wielding a +0 scythe.
Casting: Magic Dart (safe; 1% risk of failure)
Confirm with . or Enter, or press ? or * to list all spells.
Aiming: Searing Ray (safe; 2% risk of failure)
Press: ? - help, Shift-Dir - straight line, f - Sigmund
Aim: Sigmund, wielding a +0 scythe and wearing a +0 robe (asleep, 100% to hit)
The searing ray hits Sigmund!
Sigmund is moderately wounded.
Sigmund shouts! (Press . to maintain the ray.) Sigmund mumbles some strange words.
Sigmund flickers and vanishes!
Deactivating autopickup; reactivate with Ctrl-A.
The searing ray hits something.
The searing ray hits something!
You finish channelling your searing ray.
You hear some strange, mumbled words.
You are confused.
Something hits you!
Ouch! That really hurt!
* * * LOW HITPOINT WARNING * * *
You hear some strange, mumbled words.
A puff of flame appears from out of thin air!
The puff of flame misses you.
You barely miss something. Something hits you!
Ouch! That really hurt!
You die...

.. #. #. #.
#.### #.... ...
#....# #{#
#....# #@####
#....# #....#
#....# ####.#
#....#
#.###....#####.
#.##.........#.
#.##......####.
#.##.####.####.
#.##.# #.##...
#.##.# #.##.#.


There were no monsters in sight!

Vanquished Creatures
  A giant cockroach (D:1)
  3 goblins (D:1)
  A hobgoblin (D:1)
  3 jackals (D:1)
  A quokka (D:1)
  2 frilled lizards (D:1)
  A kobold (D:1)
12 creatures vanquished.

Notes
Turn   | Place    | Note
-------+----------+-------------------------------------------
     0 | D:1      | KamiKatze the Deep Elf Conjurer began the quest for the
                  | Orb.
     0 | D:1      | Reached XP level 1. HP: 10/10 MP: 6/6
   127 | D:1      | Reached XP level 2. HP: 8/15 MP: 1/8
   130 | D:1      | Learned a level 2 spell: Searing Ray
   589 | D:2      | Noticed Sigmund
   597 | D:2      | Slain by Sigmund

Illustrated notes

Levels and vault maps discovered:
D:1:      grunt_arrival_lava_bath, layout_rooms, hangedman_decor_points
D:2:      layout_basic, uniq_sigmund, uniq_terence

Action                   || total
-------------------------++-------
Melee: Whip              ||     8
 Cast: Magic Dart        ||    24
       Searing Ray       ||     1
Armor: Robe              ||     1
Dodge: Dodged            ||     6
